 Dungeon Crawl Stone Soup version bcrawl-1.41.1 (webtiles) character file.

Game seed: 10749886359991952679

8880169 Grimmash the Warrior (level 18, -6/151 HPs)
             Began as a Barachi Archaeologist on Apr 19, 2024.
             Was the Champion of Cheibriados.
             Mangled by a stone giant (illusionary) (41 damage)
             ... on level 1 of the Vaults.
             The game lasted 01:00:54 (32001 turns).

Grimmash the Warrior (Barachi Archaeologist)       Turns: 32001, Time: 01:00:55

Health: -6/151     AC: 26    Str: 36    XL:     18   Next: 68%
Magic:  19/24      EV: 15    Int: 33    God:    Cheibriados [******]
Gold:   2257       SH: 25    Dex: 28    Spells: 19/19 levels left

rFire    + + .     GDR:     44% a - +4 broad axe (flame)
rCold    + + +     SeeInvis +   n - +2 large shield {reflect}
rNeg     . . .     Gourm    .   D - +2 plate armour {rF+}
rPois    .         Faith    .   p - +2 hat
rElec    .         Spirit   .   G - scarf {rC+ rF+}
rCorr    .         Reflect  +   X - +2 pair of gloves {Dex+3}
MR       +....     Clarity  +   l - +2 pair of boots of the Assassin {Detection Stab+ Stlth++}
Stlth    ++++......             Q - amulet of Elitism {Regen rC++ Str+3}
HPRegen  0.92/turn              Y - ring of stealth
MPRegen  0.19/turn              L - ring of see invisible

@: marked, very slow
A: +LOS, swims, slowness 1, strong legs 2
}: 1/15 runes: barnacled
a: Hop, Bend Time, Defer, Temporal Distortion, Step From Time, Renounce Religion


You were on level 1 of the Vaults.
You worshipped Cheibriados.
Cheibriados was exalted by your worship.
You were hungry.

You visited 7 branches of the dungeon, and saw 26 of its levels.
You also visited: Sewer, Ossuary, Bailey and Volcano.

You collected 3954 gold pieces.
You spent 1697 gold pieces at shops.

Inventory:

Hand Weapons
 a - a +4 broad axe of flaming (weapon)
 b - the +3 sling "Punk" {acid, rCorr}
   (You acquired it in a sewer)

   It provides partial protection from all sources of acid and corrosion.
 h - a +0 blowgun
 P - a +2 eveningstar of flaming
 R - the +7 war axe of Pain and Death {elec, rF+ Str+4}
   (You found it on level 8 of the Dungeon)

   Occasionally, upon striking a foe, it will discharge some electrical energy
   and cause terrible harm.
   It affects your strength (+4).
   It protects you from fire.
Missiles
 f - 6 curare-tipped needles
 j - 3761 stones
 y - 126 steel javelins
 C - 158 javelins of penetration {=f}
 H - 1070 poisoned tomahawks
 K - 4295 sling bullets
 W - 1031 javelins (quivered)
Armour
 l - the +2 pair of boots of the Assassin (worn) {Detection Stab+ Stlth++}
   (You bought it in a shop in the Orcish Mines)

   It makes you much more stealthy.
 n - a +2 large shield of reflection (worn)
 p - a +2 hat (worn)
 D - a +2 plate armour of fire resistance (worn)
 G - a scarf of resistance (worn)
 X - a +2 pair of gloves of dexterity (worn)
Jewellery
 v - a cursed ring of fire
 L - a ring of see invisible (right hand)
 Q - the amulet of Elitism (around neck) {Regen rC++ Str+3}
   (You found it on level 1 of the Spriggan Forest)

   [amulet of regeneration]

   It affects your strength (+3).
   It greatly protects you from cold.
 V - a +5 amulet of reflection
 Y - a ring of stealth (left hand)
Wands
 c - a wand of random effects (7)
 B - a wand of digging (20)
 Z - a wand of acid (7)
Scrolls
 g - 4 scrolls of revelation
 i - 4 scrolls of identify
 m - 5 scrolls of blinking
 o - 16 scrolls of remove curse
 q - 4 scrolls of teleportation
 r - 2 scrolls of fear
 u - 3 scrolls of fog
 z - 3 scrolls of enchant weapon
 A - 4 scrolls of immolation
Potions
 d - 4 potions of curing
 k - 8 potions of might
 s - 3 potions of magic
 t - 8 potions of flight
 w - 2 potions of ambrosia
 x - 3 potions of resistance
 E - 3 potions of invisibility
 I - 4 potions of mutation
 M - 2 potions of lignification
 N - 2 potions of agility
Miscellaneous
 J - a phantom mirror
Comestibles
 e - 44 rations {!d}
 F - 5 chunks of flesh


   Skills:
 * Level 15.9 Fighting
 * Level 11.2(12.7) Axes
 * Level 10.3(12.3) Maces & Flails
 * Level 15.1 Slings
 + Level 0.2(10.1) Throwing
 * Level 12.7 Armour
 * Level 11.3 Dodging
 * Level 5.9 Stealth
 * Level 12.6 Shields
 + Level 1.2 Spellcasting
 * Level 8.0 Invocations
 * Level 9.1 Evocations


You had 19 spell levels left.
You didn't know any spells.
Your spell library contained the following spells:

 Spells                   Type           Power        Failure   Level  Hunger
 Apportation              Tloc           #.....       100%        1    None
 Corona                   Hex            #......      100%        1    None
 Infusion                 Chrm           #.......     100%        1    None
 Magic Dart               Conj           #...         100%        1    None
 Sandblast                Erth           #.....       100%        1    None
 Slow                     Hex            #.......     100%        1    None
 Static Discharge         Air            #.....       100%        1    None
 Summon Butterflies       Summ           #.......     100%        1    None
 Blink                    Tloc           N/A          100%        2    ###....
 Call Imp                 Summ           #.....       100%        2    ###....
 Passwall                 Tmut/Erth      #.......     100%        2    ###....
 Searing Ray              Conj           #.......     100%        2    ###....
 Shock                    Conj/Air       #......      100%        2    ###....
 Swiftness                Chrm/Air       #.......     100%        2    ###....
 Conjure Flame            Conj/Fire      #.......     100%        3    #####..
 Iskenderun's Mystic Bla  Conj           #.......     100%        3    #####..
 Mephitic Cloud           Conj/Pois/Air  #.......     100%        3    #####..
 Spider Form              Tmut/Pois      #..          100%        3    #####..
 Stone Arrow              Conj/Erth      #.....       100%        3    #####..
 Airstrike                Air            #.........   100%        4    ######.
 Fulminant Prism          Conj/Hex       #.........   100%        4    ######.
 Lightning Bolt           Conj/Air       #.......     100%        4    ######.
 Petrify                  Tmut/Erth      #.........   100%        4    ######.
 Bolt of Draining         Conj/Necr      #.........   100%        5    #######
 Bolt of Magma            Conj/Fire/Erth #.........   100%        5    #######
 Fireball                 Conj/Fire      #.........   100%        5    #######
 Irradiate                Conj/Tmut      #.........   100%        5    #######
 Lee's Rapid Deconstruct  Erth           #.........   100%        5    #######
 Silence                  Hex/Air        #.........   100%        5    #######
 Steam Barrier            Chrm/Fire      #.........   100%        5    #######
 Summon Lightning Spire   Summ/Air       #.......     100%        5    #######
 Bolt of Cold             Conj/Ice       #.........   100%        6    #######
 Bolt of Fire             Conj/Fire      #.........   100%        6    #######
 Conjure Ball Lightning   Conj/Air       #.........   100%        6    #######
 Deflect Missiles         Chrm/Air       #.........   100%        6    #######
 Iron Shot                Conj/Erth      #.........   100%        6    #######
 Poison Arrow             Conj/Pois      #.........   100%        6    #######
 Statue Form              Tmut/Erth      #........    100%        6    #######
 Chain Lightning          Conj/Air       #.........   100%        8    #######
 Ignition                 Hex/Fire       #.........   100%        8    #######
 Tornado                  Tloc/Air       #.........   100%        8    #######
 Shatter                  Erth           #.........   100%        9    #######


Dungeon Overview and Level Annotations

Branches:
Dungeon (12/12)            Temple (1/1) D:6            Lair (6/6) D:7
 Shoals (3/3) Lair:3       Spider (0/3) Lair:3        Slime (0/5) Orc
    Orc (1/1) D:8          Vaults (1/3) D:12         Forest (2/3) Lair:6
 Depths (0/5) D:12
  Crypt: Vaults:1-2

Altars:
Ashenzari
Cheibriados
Dithmenos
Elyvilon
Fedhas
Gozag
Hepliaklqana
Kikubaaqudgha
Lugonu
Makhleb
Nemelex Xobeh
Okawaru
Qazlal
Ru
Sif Muna
Trog
Uskayaw
Vehumet
Wu Jian
Xom
Yredelemnul
Zin
The Shining One
Jiyva

Shops:
D:5 [   D:6 =   D:10 }   Orc :(*[?

Portals:
Abyss: Lair:6

Annotations:
Shoals:2 3 runed doors


Innate Abilities, Weirdness & Mutations

You can see and be seen from farther away.
You can swim through water.
You cover ground slowly.
You can hop long distances.


Message History

The stone giant hits you!
No path to travel!
You are too injured to fight recklessly!
No path to travel!
You are too injured to fight recklessly!
No path to travel!
No path to travel!
No path to travel!
The +3 sling "Punk" {acid, rCorr} stops oozing corrosive slime.
Your +4 broad axe of flaming bursts into flame!
a - a +4 broad axe of flaming (weapon)
The stone giant hits you!!
A centaur warrior comes into view.
No path to travel!
Your plate armour prevents you from hitting the stone giant.
The stone giant is moderately wounded.
You closely miss the vault sentinel. The stone giant hits you!!
* * * LOW HITPOINT WARNING * * *
You block the vault sentinel's attack. The stone giant hits you!!!
You die...

##...###...## {........
#####'#####.## ........
#......##....####
..........
#......##.##.#..#
cpO.......####
'......##.##.).O#
1O{........'...
'......##....##O##c{{....
#ยงยง.
#......######.{OCRC{{....
#... #......#
#..'{##C#{{{.... #...
#......# #..#.##@#{{{....
#u.. #......# ####.ep.#
{.... #... #......#
###### '### #### ###'####
.. #....# #. #....# #
##.# # #


You could see a Hell Sentinel, an ironheart preserver, 2 stone giants, a
rakshasa, 2 centaur warriors, a two-headed ogre, a deep elf demonologist, a
vault sentinel and 3 ogres.

Vanquished Creatures
  2 wendigos (Forest:1)
  A kraken (Shoals:2)
  Roxanne (D:12)
  A thorn hunter (Forest:2)
  2 apis (Forest:1)
  A fire giant (D:12)
  A deep elf sorcerer (Vaults:1)
  A vault warden (Vaults:1)
  An orc warlord (Orc)
  3 spriggan defenders
  4 ironheart preservers
  2 entropy weavers (D:12)
  5 dire elephants
  5 merfolk javelineers
  Snorg (Lair:3)
  A fire dragon (Forest:1)
  Urug (Lair:3)
  6 merfolk impalers
  An ice dragon (Vaults:1)
  3 hydras
  A spriggan air mage (Forest:1)
  11 two-headed ogres
  3 ogre magi
  3 anacondas
  2 death yaks
  3 merfolk avatars
  A dancing weapon (Vaults:1)
  2 catoblepae
  4 merfolk aquamancers
  Sonja (Lair:5)
  3 satyrs
  3 tengu warriors
  A deep troll shaman (Vaults:1)
  3 thrashing horrors (Lair:6)
  4 orc high priests
  A queen ant (D:12)
  7 sea snakes
  A deep troll earth mage (Vaults:1)
  3 deep trolls (Vaults:1)
  Nergalle (D:11)
  4 centaur warriors
  A salamander mystic (Volcano)
  A fire crab (Lair:3)
  6 skeletal warriors
  An unseen horror (D:12)
  2 wolf spider zombies
  A wizard (Vaults:1)
  A kraken simulacrum (Shoals:3)
  3 cyclopes
  A phantasmal warrior (D:12)
  16 harpies
  2 ironheart convokers (Vaults:1)
  A stone giant zombie (D:12)
  4 oklob plants
  2 wolf spiders
  8 orc knights
  6 orc sorcerers
  17 ugly things
  A necromancer (D:12)
  A stone giant skeleton (D:12)
  9 manticores
  7 merfolk sirens
  An elephant (D:7)
  6 salamanders (Volcano)
  A fire giant skeleton (D:12)
  A salamander (shapeshifter) (Lair:6)
  16 fauns
  3 will-o'-wisps (Forest:2)
  4 black mambas
  5 water nymphs
  A gargoyle (D:8)
  A torpor snail (Lair:6)
  8 cane toads
  A vault sentinel (Vaults:1)
  2 rime drakes (Lair:5)
  A freezing wraith (Vaults:1)
  2 eyes of draining (D:9)
  A guardian mummy (D:12)
  11 komodo dragons
  An ancient zyme (Lair:6)
  6 wind drakes
  2 polar bears (Lair:5)
  6 trolls
  31 merfolk
  A blink frog (shapeshifter) (Lair:6)
  4 slime creatures
  17 hornets
  A harpy skeleton (D:11)
  6 snapping turtles
  3 meliai zombies
  A spriggan zombie (D:12)
  7 dream sheep
  14 hippogriffs
  27 blink frogs
  A tarantella (Vaults:1)
  11 water elementals
  19 spriggans
  A wraith (D:10)
  A fire bat (Lair:3)
  A human (shapeshifter) (Lair:6)
  2 shadows (D:11)
  2 fire elementals (Lair:3)
  A large abomination (Lair:6)
  4 wyverns
  35 yaks
  A hungry ghost (D:7)
  9 vampire mosquitoes
  3 basilisks
  A steam dragon (D:9)
  2 chaos spawn (Lair:6)
  A redback (Vaults:1)
  10 crocodiles
  2 wargs
  5 water moccasins
  A crocodile (shapeshifter) (Lair:6)
  4 porcupines
  24 soldier ants (D:12)
  5 necrophages (Lair:4)
  42 orc warriors
  A swamp drake (D:8)
  2 ice beasts
  3 black bears
  8 sky beasts
  10 ogres
  3 wolves (Lair:6)
  2 phantoms
  7 bullfrogs
  3 kobold brigands (Sewer)
  6 centaurs
  10 small abominations (Lair:6)
  A water moccasin zombie (Ossuary)
  2 wyvern skeletons (D:8)
  4 scorpions
  5 killer bees (D:10)
  8 wights
  2 howler monkeys
  30 orc priests
  An electric eel (Lair:5)
  6 crimson imps
  4 jellies
  2 bullfrog skeletons
  11 hounds
  24 orc wizards
  3 bullfrog zombies
  2 iguanas
  7 hell rats (Lair:3)
  28 worker ants
  A porcupine skeleton (D:10)
  2 hound zombies
  A hound skeleton (D:9)
  2 mummies (Ossuary)
  4 gnolls
  6 adders
  5 river rats (Sewer)
  A shadow imp (D:12)
  5 adder zombies (Ossuary)
  2 oozes (Sewer)
  An adder skeleton (D:6)
  2 worms
  2 dart slugs
  2 leopard geckos (D:3)
  82 orcs
  12 bats
  7 giant cockroaches
  A gnoll zombie (Ossuary)
  5 goblins
  8 hobgoblins
  19 jackals
  6 quokkas
  3 ball pythons
  3 frilled lizards
  2 hobgoblin zombies (Ossuary)
  9 kobolds
  11 kobold zombies (Ossuary)
  6 orc zombies (Ossuary)
  A quokka zombie (D:5)
  10 rats
  A fungus (Lair:1)
  6 plants
  3 tentacles
1002 creatures vanquished.

Vanquished Creatures (others)
  2 merfolk javelineers
  2 yaktaur captains
  3 satyrs
  A centaur warrior (D:10)
  A cyclops (D:11)
  6 fauns
  A yaktaur (Vaults:1)
  An orc (Orc)
  A bush (Lair:3)
  6 fungi
  43 plants
  9 tentacles
  2 withered plants (D:12)
78 creatures vanquished.

Grand Total: 1080 creatures vanquished

Notes
Turn   | Place    | Note
-------+----------+-------------------------------------------
     0 | D:1      | Grimmash the Barachi Archaeologist began the quest for the
                  | Orb.
     0 | D:1      | Reached XP level 1. HP: 15/15 MP: 1/1
   223 | D:1      | Reached XP level 2. HP: 21/21 MP: 2/2
   904 | D:1      | Reached XP level 3. HP: 27/27 MP: 3/3
  1402 | D:2      | Reached skill level 1 in Armour
  1402 | D:2      | Reached XP level 4. HP: 17/33 MP: 4/4
  1677 | D:3      | Found a glowing drain.
  1723 | Sewer    | Entered a sewer
  1911 | Sewer    | Reached XP level 5. HP: 23/39 MP: 6/6
  1911 | Sewer    | Identified a scroll of acquirement
  1916 | Sewer    | Found the +3 sling "Punk" {acid, rCorr}
  2082 | Sewer    | Noticed a kobold brigand
  2089 | Sewer    | Killed a kobold brigand
  2090 | Sewer    | Reached skill level 1 in Spellcasting
  2148 | Sewer    | Noticed a kobold brigand
  2148 | Sewer    | Noticed a kobold brigand
  2153 | Sewer    | Killed a kobold brigand
  2154 | Sewer    | Reached XP level 6. HP: 48/48 MP: 7/7
  2159 | Sewer    | Reached skill level 1 in Slings
  2231 | D:3      | Reached XP level 7. HP: 55/55 MP: 8/8
  3828 | D:4      | Found a corrupted altar of Lugonu.
  4372 | D:5      | Entered Level 5 of the Dungeon
  4385 | D:5      | Found Loinaw's Armour Shoppe.
  4497 | D:5      | Reached skill level 1 in Shields
  4558 | D:5      | Reached skill level 5 in Fighting
  4697 | D:5      | Reached skill level 5 in Dodging
  4705 | D:5      | Reached XP level 8. HP: 62/62 MP: 9/9
  5032 | D:6      | Found Soufe's Jewellery Shop.
  5045 | D:6      | Found a sand-covered staircase.
  5055 | Ossuary  | Entered an ossuary
  5336 | Ossuary  | Reached skill level 5 in Slings
  5535 | D:6      | Found a staircase to the Ecumenical Temple.
  5548 | Temple   | Entered the Ecumenical Temple
  6139 | D:6      | Reached XP level 9. HP: 69/69 MP: 10/10
  6197 | D:6      | Noticed a red ugly thing
  6205 | D:6      | Killed a red ugly thing
  6206 | D:6      | Reached skill level 5 in Maces & Flails
  6457 | D:7      | Noticed an elephant
  6510 | D:7      | Found a staircase to the Lair.
  6539 | D:7      | Killed an elephant
  6564 | D:7      | Reached XP level 10. HP: 42/77 MP: 11/11
  7127 | D:7      | Reached skill level 5 in Armour
  7894 | D:8      | Reached skill level 10 in Slings
  8038 | D:8      | Noticed a gargoyle
  8044 | D:8      | Killed a gargoyle
  8147 | D:8      | Noticed a two-headed ogre
  8156 | D:8      | Killed a two-headed ogre
  8157 | D:8      | Reached XP level 11. HP: 49/86 MP: 12/12
  8366 | D:8      | Got a shimmering war axe
  8385 | D:8      | Found a snail-covered altar of Cheibriados.
  8385 | D:8      | Found a blossoming altar of Fedhas.
  8461 | D:8      | Became a worshipper of Cheibriados the Contemplative
  8568 | D:8      | Identified the +7 war axe of Pain and Death {elec, rF+
                  | Str+4} (You found it on level 8 of the Dungeon)
  8824 | Lair:1   | Entered Level 1 of the Lair of Beasts
  8997 | Lair:1   | Reached skill level 5 in Shields
  9269 | Lair:1   | Found a blossoming altar of Fedhas.
  9410 | Lair:1   | Reached skill level 1 in Axes
  9841 | Lair:2   | Reached * piety under Cheibriados
  9843 | Lair:2   | Reached skill level 1 in Evocations
  9879 | Lair:2   | Reached skill level 1 in Invocations
  9923 | Lair:2   | Found a dark tunnel.
  9929 | Volcano  | Entered a volcano
  9929 | Volcano  | Noticed a salamander
  9931 | Volcano  | Noticed a salamander
  9938 | Volcano  | Killed a salamander
  9946 | Volcano  | Killed a salamander
  9960 | Volcano  | Noticed a salamander
  9961 | Volcano  | Noticed a salamander
  9968 | Volcano  | Killed a salamander
  9972 | Volcano  | Noticed a salamander
  9978 | Volcano  | Killed a salamander
  9991 | Volcano  | Killed a salamander
  9993 | Volcano  | Noticed a salamander mystic
 10003 | Volcano  | HP: 4/89 [salamander mystic/lance of force (15)]
 10003 | Volcano  | HP: 1/89 [stone wall collision (3)]
 10007 | Volcano  | Noticed a salamander
 10010 | Volcano  | Killed a salamander mystic
 10025 | Volcano  | Killed a salamander
 10026 | Volcano  | Reached XP level 12. HP: 24/96 MP: 13/13
 10463 | Lair:2   | Reached ** piety under Cheibriados
 10896 | Lair:3   | Noticed Urug
 10993 | Lair:3   | Found a hole to the Spider Nest.
 11280 | Lair:3   | Killed Urug
 11397 | Lair:3   | Reached skill level 10 in Fighting
 11402 | Lair:3   | Found a transporter.
 11417 | Lair:3   | Reached *** piety under Cheibriados
 11539 | Lair:3   | Noticed Snorg
 11605 | Lair:3   | Killed Snorg
 11833 | Lair:3   | Found a transporter.
 12328 | Lair:4   | Reached skill level 5 in Axes
 12358 | Lair:4   | Noticed a five-headed hydra
 12362 | Lair:4   | Gained mutation: You can hop long distances. [Barachi
                  | growth]
 12362 | Lair:4   | Reached XP level 13. HP: 104/104 MP: 16/16
 12655 | Lair:4   | Reached **** piety under Cheibriados
 13598 | Lair:5   | Reached skill level 5 in Evocations
 13816 | Lair:5   | Noticed Sonja
 13823 | Lair:5   | Killed Sonja
 14414 | Lair:6   | Entered Level 6 of the Lair of Beasts
 14414 | Lair:6   | Found an opulent altar of Gozag.
 14524 | Lair:6   | Found a staircase to the Spriggan Forest.
 14578 | Lair:6   | Reached ***** piety under Cheibriados
 14905 | Lair:6   | Reached XP level 14. HP: 108/114 MP: 18/18
 14935 | Lair:6   | Found a corrupted altar of Lugonu.
 14935 | Lair:6   | Found a one-way gate to the infinite horrors of the Abyss.
 15416 | Lair:6   | Reached ****** piety under Cheibriados
 16587 | D:8      | Reached skill level 5 in Invocations
 16630 | D:8      | Found a staircase to the Orcish Mines.
 17059 | D:10     | Entered Level 10 of the Dungeon
 17095 | D:10     | Found Eroz Liu's Gadget Emporium.
 17100 | D:10     | Reached skill level 10 in Armour
 17968 | D:11     | Noticed Nergalle
 17982 | D:11     | Killed Nergalle
 18098 | D:11     | Found a flagged portal.
 18110 | Bailey   | Entered a bailey
 18423 | D:11     | Reached XP level 15. HP: 124/124 MP: 19/19
 19303 | D:12     | Entered Level 12 of the Dungeon
 19625 | D:12     | Found a gate to the Vaults.
 19767 | D:12     | Noticed Roxanne
 19787 | D:12     | Killed Roxanne
 19898 | D:12     | Found a staircase to the Depths.
 20089 | D:12     | Noticed a fire giant
 20102 | D:12     | Killed a fire giant
 20502 | D:12     | Reached XP level 16. HP: 133/133 MP: 21/21
 20904 | Orc      | Entered the Orcish Mines
 20964 | Orc      | Paralysed by an orc sorcerer for 4 turns
 20970 | Orc      | Paralysed by an orc sorcerer for 2 turns
 21293 | Orc      | Reached skill level 10 in Dodging
 21485 | Orc      | Paralysed by an orc sorcerer for 4 turns
 21992 | Orc      | Found Miunubao's Antique Armour Boutique.
 21993 | Orc      | Found Ecishruz's Antique Weapon Boutique.
 21996 | Orc      | Found Citi's General Store.
 21996 | Orc      | Found Otozig's Book Shop.
 22016 | Orc      | Bought a pair of jewelled gloves for 209 gold pieces
 22016 | Orc      | Bought the +2 pair of boots of the Assassin {Detection
                  | Stab+ Stlth++} for 1320 gold pieces
 22016 | Orc      | Found the +2 pair of boots of the Assassin {Detection Stab+
                  | Stlth++}
 22052 | Orc      | Identified the +0 pair of gloves of the Three Stars {rPois
                  | rN+ Int+6} (You bought it in a shop in the Orcish Mines)
 22133 | Orc      | Found a viscous altar of Jiyva.
 22133 | Orc      | Found a staircase to the Slime Pits.
 22280 | Orc      | Found Koebb's Magic Scroll Boutique.
 22291 | Orc      | Bought a scroll of teleportation for 48 gold pieces
 22686 | Orc      | Bought a scroll of enchant armour for 120 gold pieces
 22895 | Shoals:1 | Entered Level 1 of the Shoals
 23118 | Shoals:1 | Got an opalescent robe
 24083 | Shoals:2 | Reached skill level 10 in Shields
 24445 | Shoals:2 | Noticed a kraken
 24460 | Shoals:2 | Killed a kraken
 24582 | Shoals:2 | Noticed a frost giant
 24599 | Shoals:2 | Noticed a frost giant
 24600 | Shoals:2 | Found a runed gate.
 24600 | Shoals:2 | Found a runed gate.
 24600 | Shoals:2 | Found a runed gate.
 24799 | Shoals:2 | Reached XP level 17. HP: 103/140 MP: 23/23
 25141 | Shoals:3 | Entered Level 3 of the Shoals
 25189 | Shoals:3 | Reached skill level 15 in Fighting
 25570 | Shoals:3 | Reached skill level 10 in Axes
 26179 | Shoals:3 | Got a barnacled rune of Zot
 26261 | Shoals:3 | Reached skill level 5 in Stealth
 27139 | Forest:1 | Entered Level 1 of the Spriggan Forest
 27998 | Forest:1 | Noticed a wendigo
 28004 | Forest:1 | Killed a wendigo
 28005 | Forest:1 | Reached skill level 10 in Maces & Flails
 28065 | Forest:1 | Reached XP level 18. HP: 131/149 MP: 24/24
 28087 | Forest:1 | Identified the amulet of Elitism {Regen rC++ Str+3}
 28203 | Forest:1 | Noticed a wendigo
 28215 | Forest:1 | Killed a wendigo
 28216 | Forest:1 | Reached skill level 15 in Slings
 31277 | Vaults:1 | Entered Level 1 of the Vaults
 31984 | Vaults:1 | Noticed a Hell Sentinel
 32001 | Vaults:1 | Mangled by a stone giant (illusionary)

Skill      XL: |  1  2  3  4  5  6  7  8  9 10 11 12 13 14 15 16 17 18 |
---------------+-------------------------------------------------------+-----
Dodging        | 4 5 6 7 8 9 10 11 | 11.3
Fighting       | 2 4 5 6 7 9 10 11 13 14 15 | 15.9
Maces & Flails | 2 3 4 5 6 7 8 9 10 | 10.3
Armour         | 1 2 3 4 5 6 7 9 10 11 12 | 12.7
Spellcasting   | 1 |  1.2
Slings         | 1 4 6 8 10 11 12 13 14 15 | 15.1
Shields        | 1 2 3 4 5 6 8 9 10 11 12 | 12.6
Axes           | 3 5 6 7 8 9 10 11 | 11.2
Evocations     | 2 4 5 6 7 8 9 |  9.1
Invocations    | 2 3 4 5 6 7 8 |  8.0
Stealth        | 4 5 |  5.9
Throwing       | |  0.2

Action                   |  1- 3 |  4- 6 |  7- 9 | 10-12 | 13-15 | 16-18 || total
-------------------------+-------+-------+-------+-------+-------+-------++-------
Melee: Whip              |    36 |       |       |       |       |       ||    36
       Mace              |    94 |   105 |     6 |       |       |       ||   205
       War axe           |       |       |       |    42 |    33 |       ||    75
       Eveningstar       |       |       |       |       |    11 |    19 ||    30
       Hunting sling     |       |       |       |       |     1 |       ||     1
       Broad axe         |       |       |       |       |    78 |   347 ||   425
 Fire: Blowgun           |     8 |    29 |       |       |       |       ||    37
       Hunting sling     |       |    34 |   304 |   576 |  1231 |  1376 ||  3521
Throw: Stone             |     7 |     2 |       |       |       |       ||     9
       Tomahawk          |       |       |       |       |       |    11 ||    11
       Javelin           |       |       |       |       |       |     8 ||     8
Invok: Bend Time         |       |       |       |     1 |       |       ||     1
       Step From Time    |       |       |       |       |       |     3 ||     3
       Temporal Distorti |       |       |       |       |       |     1 ||     1
       Defer             |       |       |       |       |       |     3 ||     3
 Abil: Hop               |       |       |       |     4 |     2 |     3 ||     9
Evoke: Wand              |       |       |       |     3 |       |     9 ||    12
  Use: Potion            |       |     1 |     3 |     8 |     3 |     3 ||    18
       Scroll            |       |     1 |     7 |     9 |    10 |    18 ||    45
 Stab: Sleeping          |     1 |     1 |       |       |       |     1 ||     3
  Eat: Chunk             |     6 |     9 |    21 |    25 |    44 |    63 ||   168
       Ration            |       |       |     1 |     2 |     1 |     3 ||     7
Armor: Robe              |    55 |    72 |    25 |     6 |       |       ||   158
       Plate armour      |       |       |       |    81 |   171 |   359 ||   611
Dodge: Dodged            |   135 |   164 |    58 |    60 |   185 |   233 ||   835
Block: Buckler           |       |       |    16 |    76 |   178 |       ||   270
       Reflection        |       |       |       |     3 |    26 |   164 ||   193
       Large shield      |       |       |       |       |   289 |  1355 ||  1644
